 Dungeon Crawl Stone Soup version 0.21.1-1-g345015f (webtiles) character file.

17110 kaesh the Basher (level 12, 0/106 HPs)
             Began as a Minotaur Fighter on Mar 4, 2018.
             Was an Elder of the Shining One.
             Splashed by a brown ugly thing's acid (7 damage)
             ... on level 11 of the Dungeon.
             The game lasted 00:40:18 (10892 turns).

kaesh the Basher (Minotaur Fighter)                Turns: 10892, Time: 00:40:23

Health: 0/106      AC:  0    Str: 26    XL:     12   Next: 16%
Magic:  15/15      EV:  9    Int:  5    God:    the Shining One [****..]
Gold:   478        SH: 14    Dex: 10    Spells: 11/11 levels left

rFire    . . .     SeeInvis .   G - +1 whip (flame)
rCold    . . .     Gourm    .   c - +1 shield
rNeg     + + .     Faith    .   J - +0 plate armour
rPois    +         Spirit   .   (helmet restricted)
rElec    .         Reflect  .   (no cloak)
rCorr    .         Harm     .   r - +0 pair of gloves (curse)
MR       .....                  (no boots)
Stlth    ..........             (no amulet)
HPRegen  0.27/turn              i - +2 ring of protection
MPRegen  0.14/turn              n - ring of poison resistance

@: corroded, glowing
A: retaliatory headbutt, horns 2, yellow scales 1, subdued magic 1
a: Divine Shield, Cleansing Flame, Renounce Religion


You were on level 11 of the Dungeon.
You worshipped the Shining One.
The Shining One was greatly pleased with you.
You were hungry.

You visited 2 branches of the dungeon, and saw 12 of its levels.

You collected 530 gold pieces.
You spent 52 gold pieces at shops.

Inventory:

Hand Weapons
 w - a +4 mace
 A - a cursed +3 dire flail
 G - a +1 whip of flaming (weapon)
Armour
 c - a +1 shield (worn)
 j - a +1 leather armour of poison resistance
 p - a +2 leather armour of fire resistance
 q - a +3 leather armour of magic resistance
 r - a cursed +0 pair of gloves (worn)
 z - a +0 troll leather armour
 J - a +0 plate armour (worn)
Jewellery
 i - a +2 ring of protection (left hand)
 n - a ring of poison resistance (right hand)
 y - an uncursed ring of positive energy
 B - an uncursed ring of protection from fire
 D - an uncursed ring of protection from cold
Wands
 d - a wand of paralysis (13)
 l - a wand of polymorph (12)
 F - a wand of iceblast (11)
Scrolls
 b - 5 scrolls of remove curse
 e - 5 scrolls of teleportation
 m - 4 scrolls of enchant armour
 o - a scroll of enchant weapon
 u - a scroll of blinking
 x - 3 scrolls of fear
 E - 3 scrolls of identify
Potions
 h - 2 potions of flight
 s - a potion of agility
 t - 3 potions of curing
 C - 2 potions of might
 H - a potion of ambrosia
Books
 a - a book of Air

   Spells                             Type                      Level
   a - Shock                          Conjuration/Air              1
   b - Swiftness                      Charms/Air                   2
   c - Static Discharge               Conjuration/Air              3
   d - Airstrike                      Air                          4
   e - Lightning Bolt                 Conjuration/Air              5
 g - a book of Conjurations

   Spells                             Type                      Level
   a - Magic Dart                     Conjuration                  1
   b - Searing Ray                    Conjuration                  2
   c - Dazzling Spray                 Conjuration/Hexes            3
   d - Fulminant Prism                Conjuration/Hexes            4
   e - Force Lance                    Conjuration/Translocation    4
   f - Iskenderun's Mystic Blast      Conjuration                  4
Comestibles
 f - 21 rations
 k - 8 chunks of flesh


   Skills:
 + Level 9.9 Fighting
 + Level 12.9 Maces & Flails
 + Level 8.4 Armour
 + Level 6.7 Dodging
 + Level 3.0 Stealth
 + Level 12.1 Shields
 * Level 6.1 Invocations


You had 11 spell levels left.
You didn't know any spells.

Dungeon Overview and Level Annotations

Branches:
Dungeon (11/15)            Temple (1/1) D:5
   Lair: D:8-11         Orc: D:9-12

Altars:
Ashenzari
Cheibriados
Dithmenos
Elyvilon
Fedhas
Gozag
Hepliaklqana
Kikubaaqudgha
Makhleb
Nemelex Xobeh
Okawaru
Qazlal
Ru
Sif Muna
Trog
Uskayaw
Vehumet
Wu Jian
Xom
Yredelemnul
Zin
The Shining One

Shops:
D:5 *


Innate Abilities, Weirdness & Mutations

You reflexively headbutt those who attack you in melee.
You have a pair of horns on your head.
You are partially covered in yellow scales. (AC +2)
Your spells are a little easier to cast, but a little less powerful.


Message History

The brown ugly thing is almost dead.
You block the brown ugly thing's attack.
Your plate armour prevents you from hitting the brown ugly thing.
Your headbutt misses the brown ugly thing.
The brown ugly thing is severely wounded.
You hit the brown ugly thing but do no damage.
The brown ugly thing is severely wounded.
The brown ugly thing punches you!
* * * LOW HITPOINT WARNING * * *
The acid corrodes you!
You are splashed with acid!
The acid burns!
* * * LOW HITPOINT WARNING * * *
You barely miss the brown ugly thing.
The brown ugly thing is severely wounded.
You hit the brown ugly thing. You burn the brown ugly thing.
Your headbutt misses the brown ugly thing.
The brown ugly thing is almost dead.
The brown ugly thing punches you!
* * * LOW HITPOINT WARNING * * *
The acid corrodes you!
You are splashed with acid!
The acid burns!
You die... ###...######...# .. #lY .......%.......####.. #YY .....................
HY.

................... ....
......[..####..... ....Y
..####...# #...# .###..
..# #...# #...# # .. #S.
..####...####...###..###
................@.......
.................u......
##†.....................
#†..######...########..
#...# #...# . #...#
#...# #...# #...######
#...######........[
#.........(........


You could see a brown ugly thing.

Vanquished Creatures
  Josephine (D:10)
  2 two-headed ogres (D:10)
  Erica (D:8)
  2 unseen horrors
  Pikel (D:8)
  An ugly thing (D:11)
  A cyclops (D:11)
  A komodo dragon (D:11)
  A troll (D:7)
  Grinder (D:4)
  2 hippogriffs (D:11)
  Sigmund (D:4)
  5 wraiths (D:10)
  A wyvern (D:11)
  25 yaks
  Eustachio (D:5)
  2 basilisks (D:11)
  Duvessa (D:6)
  2 porcupines (D:11)
  4 orc warriors
  3 ice beasts
  A sky beast (D:7)
  A slave (D:8)
  11 ogres
  A necrophage (D:9)
  4 phantoms
  5 centaurs
  3 big kobolds
  A crocodile (D:11)
  7 bullfrogs
  Dowan (D:6)
  2 scorpions
  A wyvern skeleton (D:10)
  8 killer bees
  15 wights
  An oklob sapling (D:5)
  5 crimson imps
  A quasit (D:8)
  2 jellies
  4 bullfrog skeletons
  A bullfrog zombie (D:7)
  2 gnoll shamans (D:8)
  5 hounds
  4 orc priests
  5 orc wizards
  Ijyb (D:4)
  3 iguanas
  4 worker ants
  A howler monkey zombie (D:9)
  3 worker ant zombies
  11 adders
  A howler monkey skeleton (D:10)
  8 gnolls (D:8)
  2 shadow imps
  An ooze (D:2)
  An adder zombie (D:9)
  2 adder skeletons
  7 worms
  2 dart slugs
  11 leopard geckos
  33 orcs
  8 bats
  2 giant cockroaches
  7 hobgoblins
  17 kobolds
  4 quokkas
  A ball python (D:1)
  4 frilled lizards
  A giant cockroach zombie (D:5)
  10 goblins
  5 rats
  A plant (D:5)
301 creatures vanquished.

Vanquished Creatures (others)
  8 fungi
  19 plants
27 creatures vanquished.

Grand Total: 328 creatures vanquished

Notes
Turn   | Place    | Note
-------+----------+-------------------------------------------
     0 | D:1      | kaesh the Minotaur Fighter began the quest for the Orb.
     0 | D:1      | Reached XP level 1. HP: 19/19 MP: 0/0
   398 | D:1      | Reached XP level 2. HP: 27/27 MP: 1/1
   709 | D:2      | Reached XP level 3. HP: 29/33 MP: 2/2
  1047 | D:2      | Found a burning altar of Makhleb.
  1208 | D:2      | Reached XP level 4. HP: 37/40 MP: 3/3
  1798 | D:3      | Reached XP level 5. HP: 36/47 MP: 4/4
  1924 | D:3      | Found a shattered altar of Ashenzari.
  1928 | D:3      | Saw a vision of the Shoals and the Spider Nest.
  1928 | D:3      | Noticed a redback
  1928 | D:3      | Noticed a merfolk
  1928 | D:3      | Noticed a wolf spider
  1928 | D:3      | Noticed a redback
  1928 | D:3      | Noticed a merfolk
  1928 | D:3      | Noticed a redback
  1928 | D:3      | Noticed a redback
  1928 | D:3      | Noticed a hippogriff
  1928 | D:3      | Noticed a wolf spider
  1929 | D:3      | Noticed a sea snake
  1930 | D:3      | Noticed a redback
  2015 | D:3      | Gained mutation: Your spells are a little easier to cast, but a little less powerful. [potion of mutation]
  2015 | D:3      | Gained mutation: You are partially covered in yellow scales. (AC +2) [potion of mutation]
  2129 | D:4      | Noticed Ijyb
  2139 | D:4      | Killed Ijyb
  2147 | D:4      | Found a stormy altar of Qazlal.
  2148 | D:4      | Noticed a water elemental
  2155 | D:4      | Noticed a fire elemental
  2155 | D:4      | Noticed an air elemental
  2401 | D:4      | Noticed Sigmund
  2452 | D:5      | Entered Level 5 of the Dungeon
  2496 | D:5      | Reached skill level 5 in Maces & Flails
  2496 | D:5      | Reached skill level 5 in Shields
  2496 | D:5      | Reached XP level 6. HP: 38/53 MP: 5/5
  2586 | D:5      | Noticed Eustachio
  2605 | D:5      | Reached skill level 5 in Armour
  2684 | D:4      | Noticed Grinder
  2698 | D:4      | Killed Grinder
  2698 | D:4      | Reached skill level 1 in Dodging
  2866 | D:4      | Killed Sigmund
  2866 | D:4      | Reached skill level 5 in Fighting
  2866 | D:4      | Reached XP level 7. HP: 61/61 MP: 6/6
  3133 | D:5      | Found Gozyif's Assorted Antiques.
  3143 | D:5      | Bought a scroll labeled CAOTHYWNEJOEF for 26 gold pieces
  3143 | D:5      | Bought a scroll labeled ATUYPHY REFF for 26 gold pieces
  3179 | D:5      | Found a staircase to the Ecumenical Temple.
  3612 | D:5      | Reached XP level 8. HP: 35/68 MP: 7/7
  3735 | D:5      | Killed Eustachio
  3920 | Temple   | Entered the Ecumenical Temple
  4025 | Temple   | Became a worshipper of the Shining One
  4483 | D:6      | Noticed Duvessa
  4485 | D:6      | Noticed Dowan
  4499 | D:6      | Killed Duvessa
  4503 | D:6      | Killed Dowan
  4719 | D:6      | Reached skill level 1 in Stealth
  4721 | D:6      | HP: 3/70 [wight/long sword (2)]
  5258 | D:6      | Reached * piety under the Shining One
  5520 | D:7      | Reached XP level 9. HP: 54/75 MP: 8/8
  5694 | D:7      | Noticed a troll
  5706 | D:7      | Killed a troll
  6039 | D:8      | Reached skill level 10 in Maces & Flails
  6135 | D:8      | Reached ** piety under the Shining One
  6363 | D:8      | Reached skill level 5 in Dodging
  6976 | D:8      | Reached XP level 10. HP: 86/86 MP: 9/9
  7010 | D:8      | Noticed Pikel
  7032 | D:8      | Killed Pikel
  7032 | D:8      | Reached skill level 1 in Invocations
  7091 | D:8      | Noticed Erica
  7107 | D:8      | Killed Erica
  8015 | D:9      | Reached *** piety under the Shining One
  8060 | D:9      | Found a bloodstained altar of Trog.
  8477 | D:10     | Entered Level 10 of the Dungeon
  8574 | D:10     | Reached skill level 10 in Shields
  8627 | D:10     | Noticed Josephine
  8652 | D:10     | Killed Josephine
  8652 | D:10     | Reached XP level 11. HP: 48/95 MP: 12/12
  8816 | D:10     | Noticed a two-headed ogre
  8834 | D:10     | Killed a two-headed ogre
  9046 | D:10     | Reached **** piety under the Shining One
  9192 | D:10     | Noticed a two-headed ogre
  9207 | D:10     | Killed a two-headed ogre
  9432 | D:10     | Noticed an unseen horror
  9456 | D:10     | Killed an unseen horror
  9456 | D:10     | Reached skill level 5 in Invocations
  9929 | D:11     | Noticed a red ugly thing
  9961 | D:11     | Noticed an unseen horror
  9969 | D:11     | Noticed a two-headed ogre
 10618 | D:11     | Reached XP level 12. HP: 67/106 MP: 15/15
 10892 | D:11     | Splashed by a brown ugly thing's acid

Skill      XL: |  1  2  3  4  5  6  7  8  9 10 11 12 |
---------------+-------------------------------------+-----
Shields        | 4 5 6 7 8 10 11 12 | 12.1
Armour         | 4 5 6 8 |  8.4
Maces & Flails | 3 4 5 6 7 9 10 12 | 12.9
Fighting       | 4 5 6 7 8 9 |  9.9
Dodging        | 2 3 4 5 6 |  6.7
Stealth        | 1 2 3 |  3.0
Invocations    | 3 5 6 |  6.1

Action                   |  1- 3 |  4- 6 |  7- 9 | 10-12 || total
-------------------------+-------+-------+-------+-------++-------
Melee: Flail             |    68 |   133 |   145 |       ||   346
       Headbutt          |    10 |    18 |    52 |   152 ||   232
       Mace              |       |       |   133 |       ||   133
       Whip              |       |       |    12 |   752 ||   764
Invok: Divine Shield     |       |       |       |     2 ||     2
  Use: Scroll            |     4 |     2 |     5 |     4 ||    15
       Potion            |       |     4 |     9 |     1 ||    14
  Eat: Chunk             |     1 |     5 |     3 |    13 ||    22
       Ration            |       |       |     3 |       ||     3
Armor: Scale mail        |    17 |       |       |       ||    17
       Ring mail         |     5 |    33 |     2 |       ||    40
       Leather armour    |       |       |    45 |       ||    45
       Troll leather arm |       |       |    14 |    40 ||    54
       Plate armour      |       |       |       |   110 ||   110
Dodge: Dodged            |    20 |    53 |    88 |   149 ||   310
Block: Shield            |    32 |    59 |   146 |   315 ||   552
